 Dungeon Crawl Stone Soup version 0.30-a0-34-gbe8da3892a (webtiles) character file.

Game seed: 5470209357202665654

625 frimble the Conjurer (level 7, -1/48 HPs)
             Began as a Demonspawn Air Elementalist on Aug 27, 2022.
             Slain by a killer bee (8 damage)
             ... on level 8 of the Dungeon.
             The game lasted 00:07:26 (4140 turns).

frimble the Conjurer (Demonspawn Air Elementalist)  Turns: 4140, Time: 00:07:28

Health: -1/48      AC:  5    Str:  8    XL:     7   Next: 23%
Magic:  3/11       EV: 12    Int: 25    God:
Gold:   1062       SH:  9    Dex: 13    Spells: 11/12 levels left

rFire   . . .      SeeInvis +    r - +0 rapier
rCold   . . .      Faith    .    (no shield)
rNeg    . . .      Spirit   .    a - +0 robe
rPois   .          Reflect  +    (helmet restricted)
rElec   .          Harm     .    (no cloak)
rCorr   .          Rampage  .    v - +0 pair of gloves
Will    .....                    f - +1 pair of boots
Stlth   ++........               m - amulet of reflection
HPRegen 0.16/turn                o - ring of see invisible
MPRegen 0.12/turn                s - +6 ring of intelligence

@: hasted, very quick
A: antennae 2, spiny 1, condensation shield
a: no special abilities


You were on level 8 of the Dungeon.
You visited 1 branch of the dungeon, and saw 6 of its levels.

You collected 1062 gold pieces.

Inventory:

Hand Weapons
 c - a +0 short sword
 k - a +0 falchion
 r - a +0 rapier (weapon)
Missiles
 t - 3 throwing nets
Armour
 a - a +0 robe (worn)
 f - a +1 pair of boots (worn)
 v - a +0 pair of gloves (worn)
Jewellery
 m - an amulet of reflection (around neck)
 o - a ring of see invisible (left hand)
 s - a +6 ring of intelligence (right hand)
Wands
 h - a wand of quicksilver (4)
 u - a wand of iceblast (5)
Scrolls
 d - a scroll of vulnerability
 i - 2 scrolls of teleportation
 p - a scroll of amnesia
 y - 3 scrolls of identify
Potions
 b - a potion of magic
 e - 2 potions of haste
 j - a potion of flight
 n - 2 potions of might {unknown}
 q - a potion of lignification {unknown}
 w - a potion of berserk rage {unknown}
 x - a potion of ambrosia {unknown}


   Skills:
 - Level 1.0 Fighting
 + Level 3.7 Short Blades
 - Level 1.8 Dodging
 - Level 1.8 Stealth
 - Level 3.0 Spellcasting
 - Level 4.0 Conjurations
 - Level 4.0 Air Magic
 + Level 2.3 Evocations


You had 11 spell levels left.
You knew the following spells:

 Your Spells              Type           Power      Damage    Failure   Level
a - Shock                 Conj/Air       92%        1d8       1%          1

Your spell library contained the following spells:

 Spells                   Type           Power      Damage    Failure   Level
 Static Discharge         Conj/Air       46%        3-6/arc   3%          2
 Swiftness                Air            23%        N/A       6%          3
 Airstrike                Air            11%        2d(2-18)  19%         4
 Confusing Touch          Hex            3%         N/A       30%         3
 Yara's Violent Unravell  Hex/Tmut       1%         3d3       95%         5
 Enfeeble                 Hex            1%         N/A       100%        7


Dungeon Overview and Level Annotations

Branches:
Dungeon (8/15)             Temple (0/1) D:4
   Lair: D:8-11

Altars:
Cheibriados
Kikubaaqudgha
Nemelex Xobeh
Trog
Uskayaw
Xom

Annotations:
D:2 Terence
D:4 Ijyb
D:5 exclusion: ice beast


Innate Abilities, Weirdness & Mutations

You have a pair of antennae on your head.
You are partially covered in sharp spines.
A meltable shield of frost defends you. (SH +4)


Message History

The killer bee stings you.
You feel yourself speed up.
The killer bee is struck by your spines.
The killer bee stings you but does no damage.
The killer bee is struck by your spines.
You kill the killer bee!
Found a scroll of teleportation and 11 gold pieces.
Aiming: Shock (safe; 1% risk of failure)
Press: ? - help, Q - select action, (/) - cycle Shift-Dir - straight line, f - gnoll
Aim: a gnoll, wielding a +0 whip (ally target, 77% to hit)
The zap misses the killer bee. x2; The zap hits the gnoll!
The gnoll is heavily wounded.
The killer bee stings you.
* * * LOW HITPOINT WARNING * * *
Aiming: Shock (safe; 1% risk of failure)
Press: ? - help, Q - select action, (/) - cycle Shift-Dir - straight line, f/p - gnoll
Aim: a gnoll, wielding a +0 whip (heavily wounded, 77% to hit)
The zap hits the killer bee!
The killer bee is severely wounded.
The zap hits the killer bee!
The killer bee is severely wounded.
The zap hits the killer bee.
The killer bee is moderately wounded.
The zap hits the gnoll.
The gnoll is severely wounded.
The killer bee stings you!
* * * LOW HITPOINT WARNING * * *
The killer bee is struck by your spines.
The killer bee barely misses you.
The gnoll hits your butterfly with a +0 whip.
Your butterfly dies!
Your butterfly disappears in a burst of colours!
Aiming: Shock (safe; 1% risk of failure)
Press: ? - help, Q - select action, (/) - cycle Shift-Dir - straight line, f/p - gnoll
Aim: a gnoll, wielding a +0 whip (severely wounded, 77% to hit)
The zap misses the killer bee.
The zap hits the killer bee.
The killer bee is almost dead.
The zap misses the killer bee.
The zap misses the gnoll.
The killer bee stings you!
You die...

#. .. #. #.# #..
... .# ...#.##.###
#.. #.. ...$
.......# #.. ...
.#.###.....#
#.#.#.. ..........#
#.#.#.. #? #.....#
#.# ...
#.###.....###.###.#
#.@yyyg...........)
#############.###.#
..........#
..........#
#.###+###..) # #.##
##.. #### #...


You could see 3 killer bees and a gnoll.

Vanquished Creatures
  A steam dragon (D:8)
  A centaur (D:5)
  2 scorpions (D:5)
  A killer bee (D:8)
  A hound (D:5)
  7 gnolls
  5 adders
  A white imp (D:5)
  A worm (D:3)
  4 dart slugs
  6 orcs
  7 endoplasms
  2 giant cockroaches
  8 goblins
  6 hobgoblins
  4 jackals (D:1)
  3 quokkas
  7 ball pythons
  7 bats
  3 frilled lizards
  7 kobolds
  6 rats
90 creatures vanquished.

Notes
Turn   | Place    | Note
-------+----------+-------------------------------------------
     0 | D:1      | frimble the Demonspawn Air Elementalist began the quest for
                  | the Orb.
     0 | D:1      | Reached XP level 1. HP: 13/13 MP: 3/3
   194 | D:1      | Gained mutation: You have a pair of small antennae on your
                  | head. [demonic ancestry]
   194 | D:1      | Reached XP level 2. HP: 19/19 MP: 0/5
   890 | D:1      | Gained mutation: You are partially covered in sharp spines.
                  | [demonic ancestry]
   890 | D:1      | Reached XP level 3. HP: 24/24 MP: 6/6
  1412 | D:2      | Found a bloodstained altar of Trog.
  1538 | D:2      | Noticed Terence
  1776 | D:3      | Reached skill level 1 in Fighting
  1893 | D:3      | Found a hide-covered altar of Uskayaw.
  2217 | D:3      | Reached XP level 4. HP: 24/32 MP: 5/7
  2719 | D:3      | Gained mutation: You have a pair of antennae on your head.
                  | [demonic ancestry]
  2719 | D:3      | Reached XP level 5. HP: 37/37 MP: 2/9
  2910 | D:3      | Found a sparkling altar of Nemelex Xobeh.
  3082 | D:4      | Found a shimmering altar of Xom.
  3103 | D:4      | Found a snail-covered altar of Cheibriados.
  3227 | D:4      | Found a staircase to the Ecumenical Temple.
  3431 | D:4      | Noticed Ijyb
  3455 | D:5      | Entered Level 5 of the Dungeon
  3557 | D:5      | Noticed a centaur
  3563 | D:5      | Reached skill level 1 in Short Blades
  3563 | D:5      | Gained mutation: A meltable shield of frost defends you.
                  | (SH +4) [demonic ancestry]
  3563 | D:5      | Reached XP level 6. HP: 34/43 MP: 7/10
  3731 | D:5      | Identified a scroll of acquirement
  3731 | D:5      | Acquired 851 gold pieces
  3847 | D:5      | Identified the +2 pair of boots "Baurph" {Dex+2}
  3864 | D:5      | Noticed an ice beast
  4074 | D:5      | You fall into a shaft and drop 3 floors!
  4094 | D:8      | Noticed a steam dragon
  4102 | D:8      | Killed a steam dragon
  4103 | D:8      | Reached skill level 1 in Evocations
  4103 | D:8      | Reached XP level 7. HP: 29/48 MP: 8/11
  4118 | D:8      | Found an ancient bone altar of Kikubaaqudgha.
  4140 | D:8      | Slain by a killer bee

Illustrated notes

Levels and vault maps discovered:
D:1:      lightli_arrival_flooded_house, layout_basic, serial_park_tiny_pond,
          minmay_tetromino_t4
D:2:      layout_rooms, basic_altar, uniq_natasha, uniq_terence
D:3:      minmay_chambers_of_threes, layout_loops_ring, lemuel_tele_altar,
          nemelex_diamond_rough_becter
D:4:      layout_rooms, overflow_temple_1_default, old_standard_altar,
          xom_teletrap_fun, minmay_temple_entry_glass, uniq_edmund, uniq_ijyb
D:5:      layout_loops_ring, chequers_serial_rivers_small_b,
          nicolae_concentric_dashed_squares_wild, patterned_corridor
D:8:      layout_basic, lemuel_coloured_pillars_altar,
          nicolae_hepliaklqana_monster_ancestors,
          nicolae_kikubaaqudgha_miasma_corner, enter_bailey_3

Skill      XL: |  1  2  3  4  5  6  7 |
---------------+----------------------+-----
Conjurations   | 2 3 4 |  4.0
Air Magic      | 3 4 |  4.0
Fighting       | 1 |  1.0
Spellcasting   | 3 |  3.0
Short Blades   | 1 3 |  3.7
Evocations     | 1 2 |  2.3
Dodging        | |  1.8
Stealth        | |  1.8

Action                   |  1- 3 |  4- 6 |  7- 9 || total
-------------------------+-------+-------+-------++-------
Melee: Unarmed           |     1 |       |       ||     1
       Short sword       |    26 |       |       ||    26
       Punch             |     1 |       |       ||     1
       Falchion          |    18 |       |       ||    18
       Rapier            |    14 |    43 |     2 ||    59
 Cast: Shock             |    60 |    65 |     9 ||   134
Evoke: Wand              |       |     4 |       ||     4
  Use: Scroll            |       |    11 |     1 ||    12
       Potion            |       |       |     2 ||     2
 Stab: Sleeping          |     3 |     2 |       ||     5
Armor: Robe              |    25 |    16 |     5 ||    46
Dodge: Dodged            |    46 |    28 |     7 ||    81
Block: Other             |     2 |    13 |     3 ||    18
       Reflection        |       |     1 |       ||     1

Table legend: (Time is in decaauts)
 A = Elapsed time spent in this place.
 B = Non-inter-level travel time spent in this place.
 C = Inter-level travel time spent in this place.
 D = Time resting spent in this place.
 E = Time spent auto-exploring this place.
 F = Levels seen in this place.
 G = Mean time per level.
                   A        B        C        D        E       F      G
               +--------+--------+--------+--------+--------+-----+--------+
         Total |   4156 |   4032 |    124 |      3 |   3327 |   6 |  692.7 |
       Dungeon |   4156 |   4032 |    124 |      3 |   3327 |   6 |  692.7 |
               +--------+--------+--------+--------+--------+-----+--------+

Top non-repeatable levels by time:
     D:3: 1543 daAuts
     D:1: 1339 daAuts
     D:5: 623 daAuts
     D:4: 375 daAuts
     D:2: 209 daAuts
     D:8: 64 daAuts
